[Event "Titled Tuesday Blitz May 4 2021"]
[White "Lazavik, Denis"]
[Black "Veiga, Emerson de Sousa"]
[WhiteFideId "13515110"]
[BlackFideId "2151898"]
[WhiteElo "2436"]
[BlackElo "2034"]
[Result "1-0"]
[Round "01"]
[TimeControl "180+1"]
[Date "2021.05.04"]
[WhiteClock "0:00:28"]
[BlackClock "0:00:08"]

1. d4 Nf6 2. c4 e6 3. Nf3 Bb4+ 4. Bd2 a5 5. g3 O-O 6. Bg2 d5 7. Qc2 c5 8. cxd5 cxd4 9. Nxd4 exd5 10. O-O Bg4 11. Bxb4 axb4 12. Nd2 Nc6 13. N2b3 Nxd4 14. Nxd4 Rc8 15. Qd2 Qb6 16. Rfc1 Rc4 17. e3 Rfc8 18. f3 Bh5 19. Bf1 R4c5 20. Be2 Bg6 21. Kf2 h6 22. Rxc5 Qxc5 23. a3 bxa3 24. Rxa3 Nd7 25. Rc3 Qf8 26. Rxc8 Qxc8 27. Qa5 Nf6 28. Qb6 Qd7 29. Qc5 Kh7 30. g4 h5 31. g5 Ne8 32. Bb5 Qd6 33. Qxd6 Nxd6 34. Be2 f6 35. gxf6 gxf6 36. Kg3 Bf7 37. Kf4 Kg6 38. Bd3+ Kh6 39. h4 Bg6 40. Bf1 Bb1 41. Bh3 Bg6 42. Be6 Bf7 43. Nf5+ Nxf5 44. Kxf5 Bg6+ 45. Kxf6 d4 46. exd4 Bd3 47. d5 1-0


[Site "https://www.chess.com"]

[Event "Titled Tuesday Blitz May 4 2021"]
[White "Lehtosaari, Mauri"]
[Black "Sapunov, Evgeny"]
[WhiteFideId "501999"]
[BlackFideId "4126661"]
[WhiteElo "2403"]
[BlackElo "2470"]
[Result "0-1"]
[Round "01"]
[TimeControl "180+1"]
[Date "2021.05.04"]
[WhiteClock "0:00:05"]
[BlackClock "0:00:15"]

1. d4 Nf6 2. Nf3 g6 3. Bg5 Bg7 4. Nbd2 d5 5. e3 Nbd7 6. Be2 c5 7. c3 O-O 8. O-O b6 9. a4 a6 10. Ne5 Nxe5 11. dxe5 Nd7 12. f4 f6 13. exf6 exf6 14. Bh4 Re8 15. Bf2 Bb7 16. Bf3 f5 17. Qb3 Nf6 18. Rad1 Qc7 19. Rfe1 Kh8 20. Bh4 Ne4 21. Nxe4 fxe4 22. Bg4 Bc6 23. h3 b5 24. axb5 axb5 25. Ra1 Qb6 26. Bf2 Red8 27. Bh4 Re8 28. Bf2 Qc7 29. Red1 Qf7 30. Be2 Qd7 31. Bg4 Qb7 32. Be2 h6 33. Kh2 Kh7 34. Kg1 Reb8 35. Kh2 Bf6 36. Kg1 h5 37. g3 Qc8 38. Kg2 Qb7 39. g4 c4 40. Qc2 hxg4 41. hxg4 b4 42. Rh1+ Kg8 43. Bh4 Bg7 44. Rxa8 Rxa8 45. Qd2 Ra2 46. Qe1 Rxb2 47. cxb4 c3 48. Kg3 Qb6 49. Bd1 Rd2 50. Bb3 Rd3 51. Kf2 Qxb4 52. Qb1 Qc5 53. Re1 Rd2+ 54. Re2 Rb2 55. Qd1 Kh7 56. Bg5 Kg8 57. Bc2 Bb5 58. Bxe4 Rxe2+ 59. Kg3 Rxe3+ 60. Kh4 Bc6 61. Bxg6 Qd4 62. Qb3 Qd2 63. Qb8+ Bf8 64. Bf6 Qh2+ 65. Kg5 Qh6+ 66. Kf5 Bd7# 0-1


[Site "https://www.chess.com"]

[Event "Titled Tuesday Blitz May 4 2021"]
[White "Leitao, Rafael"]
[Black "Hoffmann, Asa"]
[WhiteFideId "2101246"]
[BlackFideId "2001470"]
[WhiteElo "2609"]
[BlackElo "2117"]
[Result "1-0"]
[Round "01"]
[TimeControl "180+1"]
[Date "2021.05.04"]
[WhiteClock "0:00:52"]
[BlackClock "0:01:08"]

1. c4 Nf6 2. Nc3 d6 3. g3 c6 4. Bg2 e5 5. Nf3 Be6 6. d3 h6 7. O-O Be7 8. b3 Nbd7 9. Bb2 Qc7 10. e4 a6 11. d4 Bg4 12. h3 Bh5 13. Rc1 O-O 14. g4 Bg6 15. Nh4 Bh7 16. Nf5 Bxf5 17. exf5 exd4 18. Qxd4 Rfe8 19. Rfe1 Bf8 20. Kh1 Qb6 21. Qd2 Nh7 22. Ne4 Nc5 23. Ng3 Be7 24. Nh5 Bf8 25. Qc3 f6 26. Nf4 Ng5 27. Qc2 Nf7 28. Ne6 Nxe6 29. fxe6 Ne5 30. Qf5 g6 31. Qc2 g5 32. Qf5 Bg7 33. Be4 Qc7 34. Bxe5 dxe5 35. Rcd1 Rad8 36. Rd7 Rxd7 37. exd7 Rd8 38. Rd1 Kf8 39. Qe6 1-0


[Site "https://www.chess.com"]

[Event "Titled Tuesday Blitz May 4 2021"]
[White "Li, Hui"]
[Black "Kjartansson, David"]
[WhiteFideId "15400310"]
[BlackFideId "2301130"]
[WhiteElo "1954"]
[BlackElo "2292"]
[Result "0-1"]
[Round "01"]
[TimeControl "180+1"]
[Date "2021.05.04"]
[WhiteClock "0:00:03"]
[BlackClock "0:00:03"]

1. e4 c5 2. Nf3 e6 3. d4 cxd4 4. Nxd4 Bc5 5. Nb3 Bb6 6. Bd3 Nc6 7. Qe2 Nge7 8. Be3 Bc7 9. c4 O-O 10. Nc3 f5 11. f3 b6 12. O-O Bb7 13. Kh1 Ne5 14. Rfd1 N7g6 15. c5 Qh4 16. Bf2 Qh6 17. Bg3 bxc5 18. Nxc5 Bc6 19. Bb5 f4 20. Bf2 Rad8 21. Bxc6 Nxc6 22. Nb3 Nce5 23. Nb5 Bb8 24. Nd6 Nh4 25. Rac1 g5 26. Bg1 Qh5 27. Nc4 Rf6 28. Nxe5 Bxe5 29. Nc5 Rh6 30. Nd3 Bb8 31. Rc2 Ng6 32. e5 Nh4 33. b4 Nf5 34. b5 Ng3# 0-1


[Site "https://www.chess.com"]

[Event "Titled Tuesday Blitz May 4 2021"]
[White "Lizlov, Alexey"]
[Black "Tokhirjonova, Gulrukhbegim"]
[WhiteFideId "4179803"]
[BlackFideId "14203626"]
[WhiteElo "2272"]
[BlackElo "2236"]
[Result "0-1"]
[Round "01"]
[TimeControl "180+1"]
[Date "2021.05.04"]
[WhiteClock "0:00:03"]
[BlackClock "0:00:58"]

1. e4 e5 2. Nf3 Nc6 3. Bc4 Bc5 4. c3 Nf6 5. d4 exd4 6. cxd4 Bb4+ 7. Nc3 Nxe4 8. O-O Bxc3 9. bxc3 d5 10. Qc2 O-O 11. Bd3 Bf5 12. Rb1 b6 13. c4 Re8 14. cxd5 Qxd5 15. Rb5 Qd7 16. Rxf5 Qxf5 17. Qxc6 Qg6 18. Qxg6 hxg6 19. Re1 Nc3 20. Bd2 Rxe1+ 21. Nxe1 Nd5 22. Kf1 Rd8 23. Nc2 a5 24. Ke2 Kf8 25. a4 Ke7 26. g3 f5 27. Bc4 Kf6 28. h4 Ke7 29. Bg5+ Nf6 30. f3 c6 31. Ke3 Rb8 32. Bxf6+ gxf6 33. Kd3 b5 34. Bb3 g5 35. hxg5 fxg5 36. Ne3 Kf6 37. d5 cxd5 38. Nxd5+ Ke5 39. f4+ gxf4 40. gxf4+ Kd6 41. Kd4 bxa4 42. Bxa4 Rb2 43. Nc3 Rb4+ 44. Kd3 Rxf4 45. Bc2 Rh4 0-1


[Site "https://www.chess.com"]

[Event "Titled Tuesday Blitz May 4 2021"]
[White "Ljukin, Sergei"]
[Black "Quesada Perez, Yuniesky"]
[WhiteFideId "14102200"]
[BlackFideId "3504409"]
[WhiteElo "2287"]
[BlackElo "2622"]
[Result "0-1"]
[Round "01"]
[TimeControl "180+1"]
[Date "2021.05.04"]
[WhiteClock "0:01:12"]
[BlackClock "0:01:20"]

1. e4 d5 2. exd5 Qxd5 3. Nc3 Qa5 4. d4 Nf6 5. Bc4 Bf5 6. Bd2 c6 7. Qe2 Nbd7 8. O-O-O e6 9. h3 Bb4 10. g4 Bg6 11. f4 O-O-O 12. a3 Bxa3 13. bxa3 Qxa3+ 14. Kb1 Nb6 15. Ba2 Rxd4 16. Ka1 Nc4 17. Na4 Rxd2 18. Rxd2 Qc1+ 19. Bb1 Nxd2 0-1


[Site "https://www.chess.com"]

[Event "Titled Tuesday Blitz May 4 2021"]
[White "Lopez Del Alamo, Antonio"]
[Black "Williams, Simon K"]
[WhiteFideId "2227339"]
[BlackFideId "404454"]
[WhiteElo "2098"]
[BlackElo "2468"]
[Result "0-1"]
[Round "01"]
[TimeControl "180+1"]
[Date "2021.05.04"]
[WhiteClock "0:00:28"]
[BlackClock "0:00:49"]

1. e4 d6 2. d4 Nf6 3. Nc3 Nbd7 4. f4 e5 5. Nf3 exd4 6. Qxd4 c6 7. Be3 d5 8. e5 Ng4 9. Qd2 Nxe3 10. Qxe3 Bc5 11. Qd2 b5 12. O-O-O Qb6 13. Re1 O-O 14. Kb1 Re8 15. Bd3 a5 16. Qe2 Nf8 17. Ng5 a4 18. Qh5 g6 19. Qh6 b4 20. Nd1 b3 21. cxb3 axb3 22. a3 Bxa3 23. h4 Bxb2 24. Nxb2 Qa5 25. Kc1 Qc3+ 26. Kb1 Ra2 27. Re2 Bg4 28. h5 Rea8 29. hxg6 Ra1# 0-1


[Site "https://www.chess.com"]

[Event "Titled Tuesday Blitz May 4 2021"]
[White "Lopez Gracia, Fernando"]
[Black "Rustemov, Alexander"]
[WhiteFideId "2207184"]
[BlackFideId "4119002"]
[WhiteElo "2339"]
[BlackElo "2628"]
[Result "1/2-1/2"]
[Round "01"]
[TimeControl "180+1"]
[Date "2021.05.04"]
[WhiteClock "0:01:06"]
[BlackClock "0:00:52"]

1. c4 c5 2. Nf3 g6 3. d4 cxd4 4. Nxd4 Bg7 5. e4 Nc6 6. Be3 d6 7. Nc3 Nf6 8. Be2 O-O 9. O-O Nxd4 10. Bxd4 Be6 11. Rc1 a5 12. f3 Nd7 13. Bxg7 Kxg7 14. Qd4+ Kg8 15. Nd1 Qb6 16. Qxb6 Nxb6 17. Ne3 Rfc8 18. b3 a4 19. Kf2 axb3 20. axb3 Ra2 21. Rc2 Rca8 22. Rfc1 Nd7 23. Rxa2 Rxa2 24. Rc2 Ra3 25. Rb2 Kg7 26. Nc2 Ra8 27. Ke3 g5 28. g3 Kf6 29. f4 gxf4+ 30. gxf4 Rg8 31. Bf3 Rg1 32. Nd4 Nc5 33. b4 Na4 34. Ra2 Bd7 35. e5+ dxe5 36. fxe5+ Kxe5 37. Bxb7 Rb1 38. Bc6 Nc3 39. Ra5+ Kd6 40. Bxd7 Kxd7 41. Kd3 Nd1 42. Kc2 Rxb4 43. Kxd1 Rxc4 44. Nf3 f6 45. Rh5 e5 46. Rxh7+ Ke6 47. Ke2 Rc2+ 48. Ke3 Rc3+ 49. Ke2 Rc2+ 50. Kd3 Ra2 51. Rh8 Ra3+ 52. Ke2 Ra2+ 53. Ke3 Ra3+ 54. Kf2 Ra2+ 55. Kg3 Ra3 56. Kf2 Ra2+ 57. Ke3 Ra3+ 58. Ke2 Ra2+ 59. Nd2 f5 60. h4 Kf6 61. Ke3 f4+ 62. Kd3 Ra3+ 63. Ke2 Ra2 64. Kd3 Ra3+ 65. Ke2 Ra2 66. Kd3 1/2-1/2


[Site "https://www.chess.com"]

[Event "Titled Tuesday Blitz May 4 2021"]
[White "Luberanski, Jakub"]
[Black "Poormosavi, Seyed Kian"]
[WhiteFideId "21830509"]
[BlackFideId "12585807"]
[WhiteElo "2078"]
[BlackElo "2134"]
[Result "1/2-1/2"]
[Round "01"]
[TimeControl "180+1"]
[Date "2021.05.04"]
[WhiteClock "0:00:16"]
[BlackClock "0:00:34"]

1. d4 Nf6 2. c4 e6 3. Nf3 b6 4. a3 Bb7 5. Nc3 Be7 6. d5 O-O 7. e4 d6 8. Be2 Nbd7 9. O-O a5 10. Qc2 Nc5 11. Be3 exd5 12. cxd5 Re8 13. b4 axb4 14. axb4 Rxa1 15. Rxa1 Ncxe4 16. Nxe4 Nxe4 17. Bb5 Bxd5 18. Bxe8 Qxe8 19. Qxc7 b5 20. Ra7 Bf8 21. h3 Nf6 22. Nd4 Qe4 23. Nf3 Qxb4 24. Bd4 Qb1+ 25. Kh2 Qf5 26. Qc3 b4 27. Qe3 Bxf3 28. Qxf3 Qxf3 29. gxf3 Nd5 30. Kg3 g5 31. Ra5 Nc7 32. Rxg5+ Bg7 33. Rxg7+ Kf8 34. Rxh7 Ne6 35. Rh8+ Ke7 36. Bb2 d5 37. Rb8 Kd6 38. Rxb4 Kc5 39. Rb8 d4 40. Rc8+ Kd5 41. Bxd4 Kxd4 42. h4 Ke5 43. Kg4 Kf6 44. Rc6 Kg6 45. Rxe6+ fxe6 46. Kf4 Kf6 47. h5 Kf7 48. Ke5 Ke7 49. h6 Kf7 50. h7 Kg7 51. Kxe6 Kxh7 52. Ke7 Kg6 53. f4 Kf5 54. Kd6 Kxf4 55. Kd5 Kf3 56. Kd4 Kxf2 1/2-1/2


[Site "https://www.chess.com"]

[Event "Titled Tuesday Blitz May 4 2021"]
[White "Maly, Alexey"]
[Black "Pesotskiy, Mikhail"]
[WhiteFideId "14103184"]
[BlackFideId "34164453"]
[WhiteElo "2314"]
[BlackElo "2052"]
[Result "1-0"]
[Round "01"]
[TimeControl "180+1"]
[Date "2021.05.04"]
[WhiteClock "0:02:11"]
[BlackClock "0:01:18"]

1. d4 Nf6 2. c4 e6 3. Nf3 Bb4+ 4. Nbd2 b6 5. g3 Bb7 6. Bg2 O-O 7. O-O Qe7 8. Qc2 d6 9. Nb3 Be4 10. Qd1 d5 11. a3 Bd6 12. Nbd2 Nbd7 13. Nxe4 Nxe4 14. b3 Rfd8 15. Bb2 Rac8 16. e3 f5 17. Qe2 a5 18. Rfd1 c5 19. dxc5 Ndxc5 20. cxd5 exd5 21. Rxd5 Nxb3 22. Rad1 Bc5 23. Rxd8+ Rxd8 24. Qc4+ 1-0


[Site "https://www.chess.com"]

[Event "Titled Tuesday Blitz May 4 2021"]
[White "Mamedyarov, Shakhriyar"]
[Black "Navalgund, Niranjan"]
[WhiteFideId "13401319"]
[BlackFideId "5030854"]
[WhiteElo "2716"]
[BlackElo "2290"]
[Result "1-0"]
[Round "01"]
[TimeControl "180+1"]
[Date "2021.05.04"]
[WhiteClock "0:00:20"]
[BlackClock "0:00:13"]

1. d4 Nf6 2. c4 Nc6 3. d5 Ne5 4. Nc3 e6 5. Qd4 Ng6 6. Nf3 b6 7. Be3 Bc5 8. Qd2 O-O 9. O-O-O exd5 10. cxd5 d6 11. h4 Bg4 12. Bxc5 bxc5 13. Nh2 h5 14. f3 Bd7 15. e4 Rb8 16. Be2 Rb4 17. g4 Qe7 18. g5 Nh7 19. f4 Rfb8 20. b3 Nxh4 21. Bxh5 c4 22. Nf3 cxb3 23. a3 Rxe4 24. Rxh4 Bf5 25. Kb2 Re3 26. Nd4 Bc2 27. Be2 Bxd1 28. Bxd1 Qd7 29. Qh2 Rxc3 30. Rxh7 Rc2+ 31. Bxc2 bxc2+ 32. Kc1 Rb1+ 33. Kxc2 Qa4+ 34. Kxb1 Qd1+ 35. Ka2 Kf8 36. Rh8+ Ke7 37. Nc6+ 1-0


[Site "https://www.chess.com"]

[Event "Titled Tuesday Blitz May 4 2021"]
[White "Manukyan, Artyom"]
[Black "Albuquerque Junior,Wellington S."]
[WhiteFideId "13305786"]
[BlackFideId "2151480"]
[WhiteElo "2034"]
[BlackElo "2042"]
[Result "1-0"]
[Round "01"]
[TimeControl "180+1"]
[Date "2021.05.04"]
[WhiteClock "0:01:53"]
[BlackClock "0:00:49"]

1. e4 c5 2. Nc3 e6 3. g3 Nc6 4. Bg2 g6 5. d3 Bg7 6. Be3 b6 7. Qd2 h5 8. Nge2 h4 9. d4 cxd4 10. Nxd4 hxg3 11. hxg3 Rxh1+ 12. Bxh1 a6 13. Nxc6 dxc6 14. Qxd8+ Kxd8 15. Bxb6+ Ke8 16. O-O-O Bxc3 17. bxc3 Bd7 18. f4 Rb8 19. Bc5 Nf6 20. Bf3 Rb5 21. Bd4 Nh5 22. Bf2 Ra5 23. Kb2 Rb5+ 24. Ka1 e5 25. f5 Ng7 26. g4 g5 27. c4 Rb4 28. Rh1 Rxc4 29. Rh7 Kf8 30. f6 Rxc2 31. Rh8# 1-0


[Site "https://www.chess.com"]

[Event "Titled Tuesday Blitz May 4 2021"]
[White "Maranhao,Jose Renato Ruiz"]
[Black "Grochal, Joey"]
[WhiteFideId "2135175"]
[BlackFideId "1019945"]
[WhiteElo "1970"]
[BlackElo "2265"]
[Result "0-1"]
[Round "01"]
[TimeControl "180+1"]
[Date "2021.05.04"]
[WhiteClock "0:00:08"]
[BlackClock "0:00:22"]

1. e4 c5 2. Nf3 e6 3. d4 cxd4 4. Nxd4 Nc6 5. Nc3 Qc7 6. Nxc6 bxc6 7. Bd3 d5 8. O-O Nf6 9. Bg5 Be7 10. Qf3 O-O 11. Rae1 d4 12. Ne2 e5 13. c3 c5 14. Qg3 Kh8 15. cxd4 cxd4 16. Rc1 Qd6 17. f4 Ng4 18. Bxe7 Qxe7 19. f5 Ne3 20. Rf3 f6 21. Bc4 Bb7 22. Qh4 h6 23. Be6 Ba6 24. Ng3 Rab8 25. b3 Bc8 26. Bc4 Nxc4 27. Rxc4 Ba6 28. Ra4 Bb5 29. Ra5 Rfc8 30. h3 d3 31. Nf1 Rc2 32. Rxb5 Rxb5 33. Rxd3 Rc1 34. Qf2 Rbc5 35. Kh2 R5c2 36. Rd2 Rxd2 37. Nxd2 Rc2 38. Qe3 Qd7 39. a4 Qxd2 0-1


[Site "https://www.chess.com"]

[Event "Titled Tuesday Blitz May 4 2021"]
[White "Matsuura, Frederico"]
[Black "Escalante Ramirez, Brian Sebasti"]
[WhiteFideId "2107848"]
[BlackFideId "3819566"]
[WhiteElo "2302"]
[BlackElo "2193"]
[Result "1/2-1/2"]
[Round "01"]
[TimeControl "180+1"]
[Date "2021.05.04"]
[WhiteClock "0:01:20"]
[BlackClock "0:00:04"]

1. d4 Nf6 2. c4 c5 3. d5 b5 4. cxb5 a6 5. bxa6 g6 6. Nc3 Bg7 7. e4 O-O 8. Nf3 Qa5 9. Bd2 Bxa6 10. Bxa6 Qxa6 11. Qe2 d6 12. Qxa6 Nxa6 13. O-O Rfb8 14. Rab1 Nb4 15. a3 Nd3 16. b4 cxb4 17. axb4 Rxb4 18. Rxb4 Nxb4 19. Rb1 Nd3 20. Kf1 Ng4 21. h3 Ngxf2 22. Ke2 h6 23. Rf1 Bxc3 24. Bxc3 Ra2+ 25. Nd2 Rc2 26. Bd4 Nxe4 27. Kxd3 Rxd2+ 28. Kxe4 Rxg2 29. Kf3 Rd2 30. Ke3 Rh2 31. Rf3 f6 32. Bb6 Kf7 33. Ke4 h5 34. Kf4 g5+ 35. Kf5 Rd2 36. Ke4 Kg6 37. Be3 Re2 38. Kd3 Rh2 39. Bg1 Rg2 40. Bb6 h4 41. Bd8 Kf7 42. Re3 Rg3 43. Ke4 f5+ 44. Kd3 g4 45. hxg4 Rxe3+ 46. Kxe3 fxg4 47. Kf4 h3 48. Kg3 e6 49. dxe6+ Kxe6 50. Bc7 Kd5 51. Bb8 Kc6 52. Ba7 d5 53. Bg1 Kb5 54. Kxg4 Kc4 55. Kxh3 d4 56. Bxd4 1/2-1/2


[Site "https://www.chess.com"]

[Event "Titled Tuesday Blitz May 4 2021"]
[White "Matveeva, Olga"]
[Black "Tejedor Fuente, Enrique"]
[WhiteFideId "24107018"]
[BlackFideId "2299100"]
[WhiteElo "2108"]
[BlackElo "2535"]
[Result "0-1"]
[Round "01"]
[TimeControl "180+1"]
[Date "2021.05.04"]
[WhiteClock "0:00:01"]
[BlackClock "0:00:03"]

1. d4 Nf6 2. c4 b5 3. cxb5 a6 4. bxa6 g6 5. Nf3 Bg7 6. g3 O-O 7. Bg2 Rxa6 8. O-O Bb7 9. Nc3 Nc6 10. e4 d6 11. Re1 Qa8 12. b3 Nd7 13. Bb2 e5 14. a4 Nxd4 15. Nxd4 exd4 16. Nb5 c5 17. b4 Rc8 18. Qe2 Ne5 19. f4 d3 20. Qf1 d2 21. Red1 Nf3+ 22. Bxf3 Bxb2 23. Rab1 Bc1 24. bxc5 Rxc5 25. Qd3 Rxa4 26. Nxd6 Ba6 27. Qb3 Bc4 28. Qb8+ Qxb8 29. Rxb8+ Kg7 30. Ne8+ Kh6 31. g4 Ra3 32. g5+ Rxg5+ 33. fxg5+ Kxg5 34. Kf2 h5 35. Rc8 Be6 36. Rcxc1 dxc1=Q 37. Rxc1 Ra2+ 38. Ke3 Ra3+ 39. Kf2 Ra8 40. Nd6 Ra2+ 41. Ke3 Ra3+ 42. Kf2 Kf4 43. Be2 h4 44. Nc4 Ra2 45. Ne3 Kxe4 46. Rb1 Ke5 47. Rb5+ Kf6 48. Kf3 g5 49. Ng4+ Kg6 0-1


[Site "https://www.chess.com"]

[Event "Titled Tuesday Blitz May 4 2021"]
[White "Mayaud, Raphael"]
[Black "Klimkowski, Jan"]
[WhiteFideId "627151"]
[BlackFideId "21856222"]
[WhiteElo "2191"]
[BlackElo "1903"]
[Result "0-1"]
[Round "01"]
[TimeControl "180+1"]
[Date "2021.05.04"]
[WhiteClock "0:00:21"]
[BlackClock "0:01:57"]

1. d4 Nf6 2. Bg5 e6 3. e4 d5 4. Nd2 dxe4 5. Nxe4 Be7 6. Nxf6+ Bxf6 7. Bxf6 Qxf6 8. Nf3 b6 9. Bb5+ c6 10. Bd3 Nd7 11. Qe2 Bb7 12. O-O-O O-O 13. h4 c5 14. Ng5 h6 15. Ne4 Qxd4 16. Nd6 Qf4+ 17. Kb1 Bd5 18. Nb5 c4 19. g3 cxd3 20. Rxd3 0-1


[Site "https://www.chess.com"]

[Event "Titled Tuesday Blitz May 4 2021"]
[White "Mchedlishvili, Mikheil"]
[Black "PattyCastillo"]
[WhiteFideId "13600966"]
[WhiteElo "2618"]
[BlackElo "2016"]
[Result "1-0"]
[Round "01"]
[TimeControl "180+1"]
[Date "2021.05.04"]
[WhiteClock "0:00:22"]
[BlackClock "0:00:02"]

1. d4 d5 2. c4 c6 3. Nf3 Nf6 4. e3 e6 5. b3 Nbd7 6. Bb2 Bd6 7. Nbd2 O-O 8. Bd3 Qe7 9. Ne5 Bb4 10. O-O Bxd2 11. Qxd2 Nxe5 12. dxe5 Nd7 13. e4 dxc4 14. Bxc4 Qh4 15. f4 Nc5 16. Qe3 Nd7 17. f5 Nb6 18. Be2 exf5 19. exf5 Nd5 20. Qf3 Qg5 21. Rad1 Qe3+ 22. Kh1 Qxf3 23. Rxf3 Bxf5 24. Rxf5 Ne3 25. Rdf1 Nxf1 26. Rxf1 Rad8 27. Bc3 b6 28. a4 c5 29. Bc4 Rde8 30. g3 Re7 31. Rd1 h6 32. Kg2 Kh7 33. Kf3 f6 34. exf6 gxf6 35. Rd6 Kg6 36. Bd3+ Kg7 37. Kf4 Rff7 38. Kf5 Rd7 39. Rxd7 Rxd7 40. Bxf6+ Kf7 41. Bc4+ Kf8 42. Kg6 Rd6 43. g4 Rd2 44. h4 Rd6 45. g5 hxg5 46. hxg5 Rd2 47. Kf5 Rf2+ 48. Ke6 Ke8 49. g6 Kf8 50. g7+ Kg8 51. Ke7+ Kh7 52. g8=Q+ Kh6 53. Qg5+ Kh7 54. Qg7# 1-0


[Site "https://www.chess.com"]

[Event "Titled Tuesday Blitz May 4 2021"]
[White "Meissner, Felix"]
[Black "Cella, Glaucio Dalla Cortt"]
[WhiteFideId "24671827"]
[BlackFideId "2119455"]
[WhiteElo "2390"]
[BlackElo "2011"]
[Result "1-0"]
[Round "01"]
[TimeControl "180+1"]
[Date "2021.05.04"]
[WhiteClock "0:01:07"]
[BlackClock "0:00:08"]

1. e4 c5 2. Nf3 e6 3. g3 Nc6 4. Bg2 d5 5. exd5 exd5 6. O-O Nf6 7. Re1+ Be7 8. d4 O-O 9. Nc3 Be6 10. Be3 cxd4 11. Nxd4 Nxd4 12. Bxd4 Rc8 13. a3 a6 14. Qd3 Qc7 15. Re2 Qc4 16. Rae1 Qxd3 17. cxd3 b5 18. h3 Rfd8 19. g4 h6 20. f4 Bc5 21. Bxc5 Rxc5 22. f5 Bc8 23. Re7 Rd7 24. Bf3 Kf8 25. R7e5 Rcc7 26. h4 d4 27. Ne4 Nxe4 28. R5xe4 f6 29. Re8+ Kf7 30. Kf2 Bb7 31. Bxb7 Rxb7 32. Rh8 Rbc7 33. Ree8 Rc2+ 34. Kf3 g5 35. Ra8 Kg7 36. Rhg8+ Kf7 37. hxg5 hxg5 38. Rh8 Kg7 39. Rh3 Rxb2 40. Rah8 1-0


[Site "https://www.chess.com"]

[Event "Titled Tuesday Blitz May 4 2021"]
[White "Mekhitarian, Krikor Sevag"]
[Black "Podetti, Davide"]
[WhiteFideId "2107660"]
[BlackFideId "893617"]
[WhiteElo "2598"]
[BlackElo "2131"]
[Result "1-0"]
[Round "01"]
[TimeControl "180+1"]
[Date "2021.05.04"]
[WhiteClock "0:00:25"]
[BlackClock "0:00:14"]

1. e4 e5 2. Bc4 Nf6 3. d3 Bc5 4. Nf3 Nc6 5. c3 d6 6. O-O a6 7. a4 Ba7 8. Na3 O-O 9. h3 Ne7 10. Nc2 Ng6 11. Be3 h6 12. Bxa7 Rxa7 13. a5 Re8 14. Re1 Ra8 15. Ne3 Nf4 16. Kh2 Be6 17. Bxe6 fxe6 18. g3 Ng6 19. Nd2 Qd7 20. Ng4 Rf8 21. Kg2 Kh7 22. Nxf6+ Rxf6 23. Qg4 Raf8 24. Rf1 Qf7 25. Qe2 Ne7 26. Nc4 g5 27. Ne3 h5 28. d4 Nc6 29. d5 exd5 30. Nxd5 Rf3 31. Rad1 g4 32. hxg4 hxg4 33. Ne3 Qg6 34. Nf5 Qg5 35. Rh1+ Kg8 36. Rh4 Ne7 37. Rxg4 Qxg4 38. Nh6+ 1-0


[Site "https://www.chess.com"]

[Event "Titled Tuesday Blitz May 4 2021"]
[White "Melkevik, Johannes"]
[Black "Ravi, Thandalam Shanmugam"]
[WhiteFideId "1501836"]
[BlackFideId "5000238"]
[WhiteElo "1727"]
[BlackElo "2215"]
[Result "1-0"]
[Round "01"]
[TimeControl "180+1"]
[Date "2021.05.04"]
[WhiteClock "0:01:00"]
[BlackClock "0:01:10"]

1. d4 d5 2. Nc3 Nf6 3. Bf4 c6 4. e3 Bf5 5. f3 e6 6. g4 Bg6 7. h4 h6 8. Bd3 Bxd3 9. Qxd3 Bd6 10. Nge2 Na6 11. O-O-O Nb4 12. Qd2 Bxf4 13. Nxf4 Qa5 14. Kb1 b5 15. g5 Nd7 16. g6 Nb6 17. gxf7+ Kxf7 18. a3 Na6 19. Qd3 Nc7 20. Qg6+ Kf8 21. Rhg1 Rg8 22. Nxe6+ Nxe6 23. Qxe6 Nc4 24. Rg4 g5 25. Qxh6+ Ke7 26. Qh7+ Kd6 27. e4 Rh8 28. e5+ Ke6 29. Qg6+ Kd7 30. Qg7+ Ke6 31. Rxg5 Raf8 32. Rg6+ Kf5 33. Rf6+ Rxf6 34. Qxf6# 1-0


[Site "https://www.chess.com"]

[Event "Titled Tuesday Blitz May 4 2021"]
[White "Meneses Gonzalez, Kevin Moises"]
[Black "Bluebaum, Matthias"]
[WhiteFideId "2284502"]
[BlackFideId "24651516"]
[WhiteElo "2301"]
[BlackElo "2685"]
[Result "0-1"]
[Round "01"]
[TimeControl "180+1"]
[Date "2021.05.04"]
[WhiteClock "0:00:12"]
[BlackClock "0:01:30"]

1. e4 c6 2. d4 d5 3. e5 Bf5 4. Nf3 e6 5. Be2 c5 6. O-O Nc6 7. Be3 cxd4 8. Nxd4 Nge7 9. f4 Nxd4 10. Bxd4 Nc6 11. Bf2 Be7 12. Nd2 Rc8 13. c3 h6 14. Nb3 O-O 15. Nd4 Nxd4 16. Bxd4 Bc5 17. Kh1 Qb6 18. Bxc5 Rxc5 19. Qd2 Rd8 20. Bf3 d4 21. cxd4 Rc2 22. Qe3 Qxd4 23. Qxd4 Rxd4 24. Bxb7 Rxb2 25. Ba8 a5 26. a4 Rbb4 27. Bc6 Rxf4 28. Rxf4 Rxf4 29. Re1 Rc4 30. Bb5 Rc2 31. Kg1 g5 32. Re2 Rc5 33. Kf2 Kg7 34. g3 Bg4 35. Re1 Rc2+ 36. Kg1 Bf3 37. Bf1 Ra2 38. Re3 Bd5 39. Bb5 Rg2+ 40. Kf1 Rxh2 41. Kg1 Rg2+ 42. Kf1 h5 43. Rd3 Rb2 44. Rc3 h4 45. gxh4 gxh4 46. Rd3 h3 47. Rg3+ Kf8 48. Kg1 h2+ 0-1


[Site "https://www.chess.com"]

[Event "Titled Tuesday Blitz May 4 2021"]
[White "Mickiewicz, Piotr"]
[Black "Madaminov, Mukhiddin"]
[WhiteFideId "1114891"]
[BlackFideId "14210703"]
[WhiteElo "2263"]
[BlackElo "1747"]
[Result "0-1"]
[Round "01"]
[TimeControl "180+1"]
[Date "2021.05.04"]
[WhiteClock "0:00:02"]
[BlackClock "0:00:55"]

1. Nf3 Nf6 2. g3 d5 3. Bg2 c6 4. O-O Bg4 5. b3 Nbd7 6. Bb2 g6 7. d3 Bg7 8. Nbd2 O-O 9. h3 Bxf3 10. Nxf3 Qc7 11. c4 e5 12. cxd5 Nxd5 13. Qc2 Rad8 14. a3 a5 15. Rac1 Rfe8 16. Nd2 N5b6 17. b4 axb4 18. axb4 Qb8 19. Nb3 Bf8 20. b5 cxb5 21. Na5 Nc5 22. Qb1 Qa7 23. Ba3 Qxa5 24. Bxc5 b4 25. Bxf8 Rxf8 26. Rc7 Rd7 27. Rfc1 Rxc7 28. Rxc7 Rc8 29. Rxc8+ Nxc8 30. Qc2 Nd6 31. Kh2 Qb6 32. Qb3 Qxf2 33. Qxb4 Nf5 34. Qxb7 Qxg3+ 35. Kg1 Qe3+ 36. Kh2 Qxe2 37. Qe4 Qb2 0-1


[Site "https://www.chess.com"]

[Event "Titled Tuesday Blitz May 4 2021"]
[White "Minero Pineda, Sergio"]
[Black "Costachi, Mihnea"]
[WhiteFideId "6500374"]
[BlackFideId "1217518"]
[WhiteElo "2384"]
[BlackElo "2479"]
[Result "0-1"]
[Round "01"]
[TimeControl "180+1"]
[Date "2021.05.04"]
[WhiteClock "0:00:16"]
[BlackClock "0:00:23"]

1. d4 Nf6 2. c4 g6 3. Nc3 Bg7 4. e4 O-O 5. Bd3 d6 6. Nge2 Nc6 7. O-O e5 8. d5 Ne7 9. Kh1 Nd7 10. Be3 f5 11. exf5 Nxf5 12. Ne4 h6 13. Bd2 Nf6 14. Nxf6+ Qxf6 15. Nc3 Nd4 16. Ne4 Qh4 17. Be3 Bf5 18. f3 Rf7 19. Qd2 Raf8 20. Rae1 Bd7 21. Ng3 Nf5 22. Bf2 Nxg3+ 23. Bxg3 Qh5 24. Be4 Bf5 25. Qd3 Qg5 26. Bf2 h5 27. b4 h4 28. Be3 Qh5 29. h3 Bh6 30. a4 Bxe3 31. Rxe3 Bxe4 32. Rxe4 Rf4 33. Rfe1 Qg5 34. Rxf4 Rxf4 35. Re4 Kg7 36. a5 a6 37. Rxf4 Qxf4 38. Kg1 Kf6 39. Kf1 Qc1+ 40. Kf2 Qb2+ 41. Kg1 Qxb4 42. Qe4 Qc5+ 43. Kh2 Qf2 44. Qg4 Qg3+ 45. Qxg3 hxg3+ 46. Kxg3 b6 47. axb6 cxb6 48. Kf2 a5 49. Ke2 Kf5 50. Ke3 a4 51. Kd3 Kf4 52. Kc3 Kg3 53. Kb4 Kxg2 54. Kxa4 Kxf3 55. Kb5 e4 56. Kxb6 e3 57. c5 e2 58. cxd6 e1=Q 59. d7 Qe7 60. Kc7 Qc5+ 61. Kb8 Qxd5 0-1


[Site "https://www.chess.com"]